[Event "Titled Tuesday Blitz September 28 2021"]
[White "Sadhwani, Raunak"]
[Black "Kiselev, Vitaliy"]
[WhiteFideId "35093487"]
[BlackFideId "4194128"]
[WhiteElo "2517"]
[BlackElo "2444"]
[Result "1-0"]
[Round "06"]
[TimeControl "180+1"]
[Date "2021.09.28"]
[WhiteClock "0:00:05"]
[BlackClock "0:00:13"]

1. d4 Nf6 2. Nf3 g6 3. Nc3 d5 4. Bf4 Bg7 5. Nb5 Na6 6. e3 O-O 7. Be2 Ne4 8. O-O c6 9. Na3 Qb6 10. Qc1 Bg4 11. h3 Bxf3 12. Bxf3 f5 13. c4 c5 14. cxd5 cxd4 15. Nc4 Qc5 16. d6 Rac8 17. d7 Rcd8 18. Bxe4 fxe4 19. Nd2 Qxc1 20. Raxc1 Rxd7 21. Nxe4 d3 22. b3 Bb2 23. Rb1 Ba3 24. Rfd1 Rc8 25. Rd2 Nc5 26. Nxc5 Rxc5 27. Rbd1 e5 28. Bxe5 Rxe5 29. Rxd3 Rxd3 30. Rxd3 Kf7 31. g3 a5 32. Kg2 b5 33. Rd7+ Re7 34. Rd5 Rb7 35. f4 Be7 36. Kf3 a4 37. e4 a3 38. e5 b4 39. Rd2 Rc7 40. Ke4 Rc3 41. g4 Rxh3 42. f5 gxf5+ 43. gxf5 Rh4+ 44. Kd5 Rf4 45. Rh2 Rxf5 46. Rxh7+ Kf8 47. Ke6 Rf2 48. Rxe7 Rxa2 49. Rb7 Rh2 50. Rb8+ Kg7 51. Rb7+ Kf8 52. Rxb4 Rh6+ 53. Kd7 Ra6 54. Rf4+ Kg7 55. Rf1 a2 56. Ra1 Kf7 57. e6+ Rxe6 58. Rxa2 Rb6 59. Rb2 Kf6 60. b4 Ke5 61. Kc7 Rh6 62. b5 Kd5 63. b6 Rh7+ 64. Kb8 1-0


[Site "https://www.chess.com"]

[Event "Titled Tuesday Blitz September 28 2021"]
[White "Sadykov, Ramil"]
[Black "Moksh Amit Doshi"]
[WhiteFideId "24113590"]
[BlackFideId "25064967"]
[WhiteElo "2300"]
[BlackElo "2245"]
[Result "1-0"]
[Round "06"]
[TimeControl "180+1"]
[Date "2021.09.28"]
[WhiteClock "0:00:06"]
[BlackClock "0:00:35"]

1. d4 Nf6 2. Nc3 d5 3. Bf4 e6 4. e3 Bb4 5. Ne2 O-O 6. g4 Nxg4 7. Rg1 Nf6 8. a3 Bd6 9. Qd3 b6 10. Bh6 Ne8 11. e4 Qf6 12. Bg5 dxe4 13. Nxe4 Qf5 14. Bh3 Ba6 15. Qe3 Qb5 16. N2c3 Qxb2 17. Ra2 Qxa2 18. Nxa2 Nc6 19. Nf6+ Kh8 20. Nxh7 Kxh7 21. Qe4+ Kg8 22. Qxc6 Rc8 23. Nb4 Bxb4+ 24. axb4 Nd6 25. Be7 Bb7 26. Qa4 Rfe8 27. Bf6 g6 28. Qb3 Bd5 29. Qe3 Ne4 30. Qf4 b5 31. Be5 a5 32. Qh6 f6 33. Qxg6+ Kh8 34. Qg7# 1-0


[Site "https://www.chess.com"]

[Event "Titled Tuesday Blitz September 28 2021"]
[White "Salinas Herrera, Pablo"]
[Black "Vlassov, Nikolai"]
[WhiteFideId "3407128"]
[BlackFideId "4103360"]
[WhiteElo "2541"]
[BlackElo "2407"]
[Result "1-0"]
[Round "06"]
[TimeControl "180+1"]
[Date "2021.09.28"]
[WhiteClock "0:01:08"]
[BlackClock "0:00:53"]

1. d4 Nf6 2. Bf4 g6 3. e3 Bg7 4. h3 O-O 5. Nf3 d6 6. Be2 c5 7. c3 cxd4 8. exd4 Qb6 9. Qb3 Qc7 10. O-O Nc6 11. Re1 e5 12. dxe5 dxe5 13. Bh2 Be6 14. Qa3 Nd5 15. Bb5 Nf4 16. Nbd2 Rad8 17. Rad1 Rfe8 18. Ne4 h6 19. Bg3 Bd5 20. Bxf4 exf4 21. Rxd5 f5 22. Rxd8 Qxd8 23. Bxc6 bxc6 24. Nd6 Rxe1+ 25. Nxe1 Kh7 26. Nf3 Bf8 27. Qxa7+ 1-0


[Site "https://www.chess.com"]

[Event "Titled Tuesday Blitz September 28 2021"]
[White "Samadov, Read"]
[Black "Karttunen, Mika"]
[WhiteFideId "13417444"]
[BlackFideId "502081"]
[WhiteElo "2084"]
[BlackElo "2343"]
[Result "1-0"]
[Round "06"]
[TimeControl "180+1"]
[Date "2021.09.28"]
[WhiteClock "0:00:12"]
[BlackClock "0:00:03"]

1. d4 Nf6 2. c4 g6 3. Nc3 d5 4. cxd5 Nxd5 5. e4 Nxc3 6. bxc3 Bg7 7. Bc4 O-O 8. Ne2 c5 9. Be3 Nc6 10. O-O Na5 11. Bd3 b6 12. Qd2 Bb7 13. h4 e5 14. Bg5 f6 15. Bh6 exd4 16. cxd4 cxd4 17. Bxg7 Kxg7 18. h5 Rc8 19. Rac1 Qd6 20. f4 Rxc1 21. Rxc1 Rc8 22. h6+ Kxh6 23. Rxc8 Bxc8 24. e5 Qd8 25. f5+ Kg7 26. e6 Nc6 27. Nf4 Ne7 28. g4 Qd6 29. Qf2 Bb7 30. g5 Qe5 31. gxf6+ Qxf6 32. fxg6 hxg6 33. Qg3 Qe5 34. Qh4 Qe3+ 35. Kf1 Qc1+ 36. Ke2 Qb2+ 37. Kf1 Qc1+ 38. Ke2 Qe3+ 39. Kd1 Bf3+ 40. Kc2 Nf5 41. Bxf5 Qc3+ 42. Kb1 Qb4+ 43. Kc1 Qc3+ 44. Bc2 Qe3+ 45. Kb1 Qg1+ 46. Kb2 g5 47. Qh7+ Kf6 48. Qf7+ Ke5 49. Nd3+ Kd6 50. Qd7# 1-0


[Site "https://www.chess.com"]

[Event "Titled Tuesday Blitz September 28 2021"]
[White "Saravana, Krishnan P."]
[Black "Baskin, Robert"]
[WhiteFideId "5018382"]
[BlackFideId "24662402"]
[WhiteElo "2245"]
[BlackElo "2521"]
[Result "1-0"]
[Round "06"]
[TimeControl "180+1"]
[Date "2021.09.28"]
[WhiteClock "0:00:49"]
[BlackClock "0:00:03"]

1. d4 Nf6 2. c4 g6 3. Nf3 Bg7 4. g3 O-O 5. Bg2 d5 6. cxd5 Nxd5 7. O-O Nb6 8. Nc3 Nc6 9. e3 Re8 10. Qe2 e5 11. Nxe5 Nxe5 12. dxe5 Bxe5 13. Rd1 Qe7 14. e4 c6 15. Be3 Be6 16. f4 Bg7 17. Qf2 Nc4 18. Bc5 Qc7 19. e5 b6 20. Bd4 c5 21. Be3 Nxe3 22. Qxe3 Rad8 23. Bd5 f6 24. exf6 Bxd5 25. Nxd5 Rxe3 26. Nxc7 Rxd1+ 27. Rxd1 Bxf6 28. Nd5 Re6 29. b4 Bd4+ 30. Kf1 Rd6 31. Nc3 a6 32. Ne2 Be5 33. Rc1 Bb2 34. Rb1 Ba3 35. bxc5 Bxc5 36. Nc3 Rd2 37. Ne4 Rxa2 38. h4 Bd4 39. Rd1 Ra4 40. Ke2 Rb4 41. h5 a5 42. h6 a4 43. Rd3 Rc4 44. Nd2 Rb4 45. Ne4 b5 46. g4 Rc4 47. Nd2 Rb4 48. Ne4 Kf8 49. Ng5 Rb2+ 50. Kd1 Bh8 51. Rd8+ Ke7 52. Rxh8 a3 53. Kc1 b4 54. Rxh7+ Kd6 55. Ra7 Rh2 56. h7 a2 57. Rxa2 1-0


[Site "https://www.chess.com"]

[Event "Titled Tuesday Blitz September 28 2021"]
[White "Saya, Ethan"]
[Black "Nurmanova, Alua"]
[WhiteFideId "26095181"]
[BlackFideId "13729390"]
[WhiteElo "2217"]
[BlackElo "1869"]
[Result "1-0"]
[Round "06"]
[TimeControl "180+1"]
[Date "2021.09.28"]
[WhiteClock "0:00:13"]
[BlackClock "0:00:13"]

1. e4 c5 2. Nc3 d6 3. d4 cxd4 4. Qxd4 Nc6 5. Bb5 Bd7 6. Bxc6 Bxc6 7. Nf3 Nf6 8. Bg5 e6 9. O-O-O Be7 10. Bxf6 Bxf6 11. Qxd6 Qxd6 12. Rxd6 Bxc3 13. bxc3 Bxe4 14. Ne5 O-O 15. f3 Bg6 16. Rd7 Rac8 17. Kb2 Rc5 18. Nxg6 Rb5+ 19. Kc1 hxg6 20. Rc7 Rd8 21. Rd1 Rxd1+ 22. Kxd1 Kf8 23. Kd2 g5 24. Kd3 e5 25. c4 Rb2 26. a4 f6 27. a5 a6 28. g4 g6 29. c5 Ke8 30. Ke4 Rxc2 31. Kd5 Rb2 32. Ke6 Kd8 33. Rg7 Rb3 34. Rxg6 Rxf3 35. Rg7 e4 36. Rxb7 e3 37. Rd7+ Kc8 38. Re7 Rf4 39. Kd6 Rd4+ 40. Kc6 Kd8 41. Rxe3 Rxg4 42. Re6 f5 43. Rf6 f4 44. Kd6 Ke8 45. c6 Rg2 46. c7 Rd2+ 47. Kc6 Rc2+ 48. Kb7 Rb2+ 49. Rb6 Rc2 50. Rc6 Rb2+ 51. Ka7 1-0


[Site "https://www.chess.com"]

[Event "Titled Tuesday Blitz September 28 2021"]
[White "Schmakel, Sam"]
[Black "Seemann, Jakub"]
[WhiteFideId "2039311"]
[BlackFideId "21874697"]
[WhiteElo "2356"]
[BlackElo "1849"]
[Result "0-1"]
[Round "06"]
[TimeControl "180+1"]
[Date "2021.09.28"]
[WhiteClock "0:00:02"]
[BlackClock "0:00:02"]

1. d4 Nf6 2. Bf4 g6 3. Nc3 d5 4. e3 Bg7 5. h4 c5 6. dxc5 Nc6 7. Nf3 Bg4 8. Bb5 Qa5 9. Qd2 Bxf3 10. gxf3 a6 11. Bxc6+ bxc6 12. Be5 Qxc5 13. h5 Nxh5 14. f4 Nf6 15. O-O-O O-O 16. Rh3 Rab8 17. Bxb8 Rxb8 18. Qd4 Qd6 19. Qa7 h5 20. b3 Kh7 21. Qxa6 Qb4 22. Qd3 Ne4 23. Nxe4 dxe4 24. Qc4 Qa3+ 25. Kd2 Qxa2 26. Qxe4 f5 27. Qc4 Qa5+ 28. Ke2 e5 29. fxe5 Qxe5 30. Qxc6 Re8 31. Rg1 Re6 32. Qc4 Qd6 33. Rd1 Qe5 34. Rd5 Qf6 35. Rh1 f4 36. Rd4 fxe3 37. Re4 Qxf2+ 38. Kd3 Qd2# 0-1


[Site "https://www.chess.com"]

[Event "Titled Tuesday Blitz September 28 2021"]
[White "Sellitti, Federico"]
[Black "Smirnov, Pavel"]
[WhiteFideId "821829"]
[BlackFideId "4123425"]
[WhiteElo "2547"]
[BlackElo "2563"]
[Result "1-0"]
[Round "06"]
[TimeControl "180+1"]
[Date "2021.09.28"]
[WhiteClock "0:00:26"]
[BlackClock "0:00:04"]

1. e4 e5 2. Nc3 Nf6 3. f4 d5 4. fxe5 Nxe4 5. Qf3 Nc6 6. Bb5 Nxc3 7. dxc3 Qh4+ 8. g3 Qe4+ 9. Qxe4 dxe4 10. Ne2 Bd7 11. Bf4 Be7 12. h4 O-O-O 13. O-O-O Nxe5 14. Bxd7+ Nxd7 15. Nd4 a6 16. Rde1 Nc5 17. Nf5 Bf6 18. Be3 Nd7 19. Bd4 Bxd4 20. cxd4 Nf6 21. Nxg7 Rxd4 22. Rhf1 Rd6 23. Nf5 Re6 24. Nd4 Rb6 25. c4 Rd6 26. Nf5 Rd7 27. Nh6 Nh5 28. g4 Ng3 29. Rxf7 Rxf7 30. Nxf7 Rf8 31. Ne5 Rf2 32. h5 c5 33. h6 Kc7 34. g5 Rh2 35. Ng4 Rg2 36. g6 1-0


[Site "https://www.chess.com"]

[Event "Titled Tuesday Blitz September 28 2021"]
[White "Seo, Jung Min"]
[Black "Petesch, Gabriel"]
[WhiteFideId "1734687"]
[BlackFideId "2032465"]
[WhiteElo "2486"]
[BlackElo "2374"]
[Result "1-0"]
[Round "06"]
[TimeControl "180+1"]
[Date "2021.09.28"]
[WhiteClock "0:00:32"]
[BlackClock "0:00:01"]

1. e4 e5 2. Nf3 Nc6 3. Bb5 Nf6 4. d3 d6 5. c3 Be7 6. O-O O-O 7. Re1 Bd7 8. Nbd2 Na5 9. Bxd7 Qxd7 10. d4 Nc6 11. Nf1 Rfe8 12. Ng3 g6 13. h3 Bf8 14. Bg5 Bg7 15. Qd3 h6 16. Bd2 Nh7 17. Rad1 a6 18. Be3 Qe7 19. c4 exd4 20. Nxd4 Nxd4 21. Bxd4 Bxd4 22. Qxd4 Qe5 23. Qd2 Kg7 24. b3 h5 25. Nf1 Nf6 26. f3 a5 27. Ne3 a4 28. Nd5 Nxd5 29. exd5 Qf6 30. Rxe8 Rxe8 31. bxa4 b6 32. a5 bxa5 33. Qxa5 Re2 34. Kh1 Qe7 35. Qc3+ Kh7 36. a4 Ra2 37. a5 Rxg2 38. Kxg2 Qe2+ 39. Kg1 Qxd1+ 40. Kf2 Qa4 41. Ke3 Kg8 42. h4 Qe8+ 43. Kf4 Qa4 44. Kg5 Qe8 45. a6 Qa4 46. Kh6 f6 47. Qxf6 Qd7 48. Qe6+ 1-0


[Site "https://www.chess.com"]

[Event "Titled Tuesday Blitz September 28 2021"]
[White "Sethuraman, S.P."]
[Black "Vokhidov, Shamsiddin"]
[WhiteFideId "5021596"]
[BlackFideId "14204223"]
[WhiteElo "2477"]
[BlackElo "2616"]
[Result "1/2-1/2"]
[Round "06"]
[TimeControl "180+1"]
[Date "2021.09.28"]
[WhiteClock "0:00:13"]
[BlackClock "0:00:07"]

1. d4 Nf6 2. c4 e6 3. Nf3 d5 4. Nc3 Bb4 5. cxd5 exd5 6. Bg5 h6 7. Bh4 O-O 8. e3 Bf5 9. Be2 Nbd7 10. O-O c6 11. Qb3 a5 12. a3 Bxc3 13. bxc3 Qb6 14. Qa2 Ne4 15. Rfc1 Rfe8 16. c4 dxc4 17. Bxc4 Be6 18. Rab1 Qc7 19. Bg3 Nxg3 20. hxg3 Nf6 21. Ne5 Bxc4 22. Qxc4 Re7 23. a4 Nd5 24. e4 Nb4 25. Rb3 Qd6 26. Rf3 Qe6 27. Qxe6 Rxe6 28. Nxf7 Rxe4 29. Nd6 Re7 30. Rc5 Rd8 31. Nf5 Re1+ 32. Kh2 Rd5 33. g4 Rxc5 34. dxc5 Re4 35. Nd6 Rxg4 36. Nxb7 Rc4 37. Rf5 Nd5 38. Nxa5 Rxc5 39. Nxc6 Rxc6 40. Rxd5 Rc3 41. a5 Ra3 42. f3 Kf7 43. Kg3 Ke6 44. Rb5 Ra4 45. f4 Kf6 46. Kf3 g5 47. g3 gxf4 48. gxf4 Ra1 49. Rb6+ Kf5 50. Rb5+ Kf6 51. Kg4 Rg1+ 52. Kf3 Ra1 1/2-1/2


[Site "https://www.chess.com"]

[Event "Titled Tuesday Blitz September 28 2021"]
[White "Shahade, Gregory"]
[Black "Lashkin, Jegor"]
[WhiteFideId "2009064"]
[BlackFideId "13907808"]
[WhiteElo "2567"]
[BlackElo "2293"]
[Result "0-1"]
[Round "06"]
[TimeControl "180+1"]
[Date "2021.09.28"]
[WhiteClock "0:00:03"]
[BlackClock "0:00:04"]

1. e4 c5 2. Nf3 d6 3. d4 cxd4 4. Nxd4 Nf6 5. Nc3 a6 6. Be3 e5 7. Nb3 Be6 8. f3 h5 9. Nd5 Bxd5 10. exd5 g6 11. Qd2 Nbd7 12. O-O-O Nb6 13. Kb1 Nbxd5 14. Bg5 Be7 15. Bd3 Qc7 16. Rhe1 Nb6 17. f4 O-O 18. f5 Kg7 19. Bh6+ Kh7 20. Bxf8 Rxf8 21. fxg6+ fxg6 22. Qe3 Ng4 23. Qe4 Rf6 24. Rf1 d5 25. Qe1 e4 26. Rxf6 Bxf6 27. Be2 Ne3 28. Rc1 Nbc4 29. c3 Qxh2 30. Qf2 Bg7 31. Nc5 Nd2+ 32. Ka1 Qh1 33. Bf1 Ndxf1 34. Qxe3 Nxe3 35. Rxh1 Nxg2 36. Ne6 Be5 37. Rd1 e3 38. Rxd5 e2 39. Ng5+ Kh6 40. Nf3 Bg3 41. Rd7 e1=Q+ 42. Nxe1 Nxe1 43. Rxb7 h4 44. c4 h3 45. Rd7 h2 46. Rd8 Be5 47. Rd2 h1=Q 48. a4 Nd3+ 49. Ka2 Nc1+ 50. Ka3 Qf3+ 51. b3 Qxb3# 0-1


[Site "https://www.chess.com"]

[Event "Titled Tuesday Blitz September 28 2021"]
[White "Shimelkov, Vasiliy"]
[Black "Karas, Marek"]
[WhiteFideId "13701630"]
[BlackFideId "14928558"]
[WhiteElo "2073"]
[BlackElo "2273"]
[Result "1-0"]
[Round "06"]
[TimeControl "180+1"]
[Date "2021.09.28"]
[WhiteClock "0:01:05"]
[BlackClock "0:00:52"]

1. d4 Nf6 2. c4 c5 3. d5 b5 4. cxb5 a6 5. bxa6 g6 6. Nc3 Bxa6 7. g3 d6 8. Nf3 Bg7 9. Bg2 O-O 10. O-O Nbd7 11. h3 Qb6 12. Qc2 Rfb8 13. Rb1 Ne8 14. Re1 Nc7 15. e4 Nb5 16. Bg5 Kf8 17. Nxb5 Bxb5 18. b4 Ba4 19. Qd2 cxb4 20. Be3 Nc5 21. Bd4 Bd7 22. e5 Qa5 23. exd6 exd6 24. Rb2 b3 25. Bxg7+ Kxg7 26. Qd4+ Kg8 27. axb3 Rxb3 28. Rxb3 Nxb3 29. Qf6 Qb6 30. Ng5 Rf8 31. Re7 1-0


[Site "https://www.chess.com"]

[Event "Titled Tuesday Blitz September 28 2021"]
[White "Shkapenko, Pavel"]
[Black "Demin, Vladimir"]
[WhiteFideId "4151933"]
[BlackFideId "4167457"]
[WhiteElo "2386"]
[BlackElo "2517"]
[Result "1-0"]
[Round "06"]
[TimeControl "180+1"]
[Date "2021.09.28"]
[WhiteClock "0:00:05"]
[BlackClock "0:00:02"]

1. e4 Nf6 2. e5 Nd5 3. c4 Nb6 4. c5 Nd5 5. Bc4 e6 6. d4 b6 7. cxb6 axb6 8. Ne2 d6 9. O-O Be7 10. Ng3 O-O 11. Qg4 f5 12. exf6 Bxf6 13. Re1 Kh8 14. Nc3 Nxc3 15. bxc3 d5 16. Bb3 e5 17. Qh5 exd4 18. Bxd5 Ra5 19. c4 d3 20. Bd2 Bxa1 21. Rxa1 Rxd5 22. cxd5 Nd7 23. Ne4 Nf6 24. Nxf6 Qxf6 25. Rf1 Bf5 26. Qg5 Qxg5 27. Bxg5 Bg6 28. Rc1 Re8 29. h4 h6 30. Bf4 Rd8 31. Rxc7 Rxd5 32. Bd2 Rc5 33. Rxc5 bxc5 34. a4 Be4 35. a5 Bb7 36. f3 Kg8 37. Kf2 c4 38. Ke3 g5 39. hxg5 hxg5 40. Kd4 g4 41. fxg4 Bxg2 42. a6 Kf7 43. Kxc4 Ke7 44. Kc5 Kd7 45. g5 Ke6 46. Kb6 Be4 47. Kc7 Kf5 48. a7 Bf3 49. Kb8 1-0


[Site "https://www.chess.com"]

[Event "Titled Tuesday Blitz September 28 2021"]
[White "Shuvalov, Evgenij"]
[Black "Levitskiy, Andrey"]
[WhiteFideId "4187237"]
[BlackFideId "14132885"]
[WhiteElo "2129"]
[BlackElo "2340"]
[Result "0-1"]
[Round "06"]
[TimeControl "180+1"]
[Date "2021.09.28"]
[WhiteClock "0:00:14"]
[BlackClock "0:00:16"]

1. Nf3 c5 2. c4 Nc6 3. d4 cxd4 4. Nxd4 g6 5. e4 Nf6 6. Be3 Nxe4 7. Bd3 Qa5+ 8. Kf1 Nf6 9. Nc3 Bg7 10. Nb3 Qd8 11. h4 d6 12. Be2 h5 13. Bg5 O-O 14. Qd2 Be6 15. Nd5 Bxd5 16. cxd5 Ne5 17. f3 Rc8 18. Na5 Qd7 19. Rd1 Rc5 20. Be3 Rxd5 21. Qe1 Rxd1 22. Qxd1 Qe6 23. Kf2 Qxa2 24. Qa1 Qe6 25. Nxb7 Nd5 26. Qc1 Rc8 27. Qd2 Nc4 28. Bxc4 Rxc4 29. Re1 Qf5 30. Bxa7 Rc2 31. Re2 Rxd2 32. Rxd2 Bh6 33. Re2 Qf6 34. Nd8 Qxh4+ 35. Kf1 Qh1+ 36. Bg1 Be3 37. Rxe3 Nxe3+ 38. Kf2 Qxg2+ 39. Kxe3 Qxg1+ 40. Ke4 Qb1+ 41. Kd5 Qxb2 42. Kc6 Qc3+ 43. Kd7 Qxf3 44. Kxe7 Qf5 45. Kxd6 Qf6+ 46. Kd7 Qxd8+ 47. Kxd8 h4 0-1


[Site "https://www.chess.com"]

[Event "Titled Tuesday Blitz September 28 2021"]
[White "Skatchkov, Valery"]
[Black "Martinez Lopez, David"]
[WhiteFideId "24195812"]
[BlackFideId "22235779"]
[WhiteElo "2195"]
[BlackElo "2391"]
[Result "1-0"]
[Round "06"]
[TimeControl "180+1"]
[Date "2021.09.28"]
[WhiteClock "0:00:47"]
[BlackClock "0:00:01"]

1. d4 Nf6 2. c4 e6 3. Nf3 Bb4+ 4. Nbd2 b6 5. a3 Bxd2+ 6. Qxd2 Bb7 7. b3 O-O 8. Bb2 d6 9. e3 Ne4 10. Qc2 f5 11. Bd3 Nd7 12. h3 Qe7 13. a4 a5 14. O-O-O Nb8 15. Rdg1 Na6 16. Qe2 Nb4 17. Bb1 d5 18. Ne5 Ba6 19. g4 f4 20. Bxe4 dxe4 21. Ba3 c5 22. Bxb4 axb4 23. Qc2 Bb7 24. Rd1 Rad8 25. Rhe1 Qh4 26. d5 exd5 27. cxd5 Qf6 28. Qxe4 fxe3 29. Rxe3 Rfe8 30. f4 c4 31. bxc4 Qd6 32. Kb2 Qc5 33. Qf5 Qd6 34. Qf7+ Kh8 35. Qxb7 1-0


[Site "https://www.chess.com"]

[Event "Titled Tuesday Blitz September 28 2021"]
[White "Stribuk, Artiom"]
[Black "Guliev, Logman"]
[WhiteFideId "13515659"]
[BlackFideId "13400061"]
[WhiteElo "2224"]
[BlackElo "2128"]
[Result "1-0"]
[Round "06"]
[TimeControl "180+1"]
[Date "2021.09.28"]
[WhiteClock "0:00:02"]
[BlackClock "0:00:01"]

1. d4 Nf6 2. c4 e6 3. g3 Bb4+ 4. Nd2 O-O 5. Bg2 d5 6. Nf3 dxc4 7. O-O Bxd2 8. Bxd2 c6 9. a4 a5 10. Bg5 h6 11. Bxf6 Qxf6 12. Qc2 b5 13. axb5 cxb5 14. Ng5 hxg5 15. Bxa8 Qxd4 16. Rxa5 Qb6 17. Raa1 Nc6 18. Qe4 Nb4 19. Rfd1 Qc5 20. Rac1 Ba6 21. Bb7 Bxb7 22. Qxb7 Nd5 23. Ra1 b4 24. Rdc1 c3 25. bxc3 bxc3 26. Ra8 Rxa8 27. Qxa8+ Kh7 28. Qa4 f5 29. Qb3 Qd4 30. Qc2 g4 31. Rd1 Qc4 32. Rc1 Kg6 33. Qd3 Qb4 34. Rc2 Qb1+ 35. Kg2 Nb4 36. Qd7 Qxc2 37. Qe8+ Kf6 38. Qf8+ Ke5 39. Qxg7+ Ke4 40. Qb7+ Nd5 41. Qb5 Qd2 42. Qc4+ Qd4 43. f3+ Ke5 44. Qb5 gxf3+ 45. exf3 Qd3 46. Qxd3 1-0


[Site "https://www.chess.com"]

[Event "Titled Tuesday Blitz September 28 2021"]
[White "Suvorov, Alexander"]
[Black "Bach, Ngoc Thuy Duong"]
[WhiteFideId "12977063"]
[BlackFideId "12408956"]
[WhiteElo "2221"]
[BlackElo "1896"]
[Result "1-0"]
[Round "06"]
[TimeControl "180+1"]
[Date "2021.09.28"]
[WhiteClock "0:00:30"]
[BlackClock "0:00:08"]

1. b3 d5 2. Bb2 Nc6 3. e3 e5 4. Bb5 Bd6 5. Nf3 Qe7 6. d4 e4 7. Ne5 Bxe5 8. dxe5 Be6 9. O-O Nh6 10. Nc3 Rd8 11. Ne2 O-O 12. Nf4 Qg5 13. Qh5 Qxh5 14. Nxh5 a6 15. Bxc6 bxc6 16. Nf4 Rfe8 17. Rfd1 Bg4 18. Rd4 Bc8 19. c4 Nf5 20. Rdd1 Be6 21. cxd5 cxd5 22. Rac1 Rd7 23. Rc6 Ne7 24. Rxa6 c6 25. Ba3 Bg4 26. Rc1 g5 27. h3 gxf4 28. hxg4 fxe3 29. fxe3 Ng6 30. Raxc6 Nxe5 31. Rc8 Rxc8 32. Rxc8+ Kg7 33. Bb2 f6 34. g5 Kg6 35. gxf6 Nd3 36. Bd4 Rf7 37. a4 Kf5 38. a5 Ne5 39. a6 Kxf6 40. a7 Rxa7 41. Bxa7 Nd3 42. Bd4+ Kg5 43. Rd8 Nb4 44. Bc3 Nd3 45. Rxd5+ 1-0


[Site "https://www.chess.com"]

[Event "Titled Tuesday Blitz September 28 2021"]
[White "Svane, Rasmus"]
[Black "Tristan, Leonardo"]
[WhiteFideId "4657101"]
[BlackFideId "113816"]
[WhiteElo "2643"]
[BlackElo "2404"]
[Result "1-0"]
[Round "06"]
[TimeControl "180+1"]
[Date "2021.09.28"]
[WhiteClock "0:00:13"]
[BlackClock "0:00:06"]

1. Nf3 d5 2. g3 Nd7 3. d4 Nb6 4. Nc3 Nf6 5. a4 a5 6. Bg2 Bf5 7. Nh4 Be4 8. Nxe4 Nxe4 9. Qd3 Nf6 10. Bg5 e6 11. Bxf6 Qxf6 12. Qb5+ Kd8 13. c3 Qe7 14. e4 Qd7 15. Qb3 Be7 16. Nf3 Bf6 17. O-O Re8 18. Rfe1 Qc6 19. exd5 exd5 20. Rxe8+ Kxe8 21. Nd2 Kf8 22. Nf1 Bg5 23. f4 Bf6 24. Ne3 Rd8 25. Kf2 Rd7 26. Bf3 Qd6 27. Re1 Bd8 28. Qb5 c6 29. Qxa5 Nc4 30. Nxc4 Bxa5 31. Nxd6 Rxd6 32. b4 Bc7 33. a5 Re6 34. Ra1 Re8 35. Be2 Ke7 36. Bd3 Kd6 37. h4 h6 38. Kf3 Ra8 39. g4 b6 40. a6 b5 41. g5 hxg5 42. fxg5 Bd8 43. Kg4 Be7 44. h5 Bf8 45. Bh7 Kc7 46. Bg8 f6 47. g6 Kd7 48. Kf5 Be7 49. Be6+ Kd6 50. a7 Bd8 51. h6 gxh6 52. g7 1-0


[Site "https://www.chess.com"]

[Event "Titled Tuesday Blitz September 28 2021"]
[White "Tang, Andrew"]
[Black "Babazada, Khazar"]
[WhiteFideId "2059630"]
[BlackFideId "13413554"]
[WhiteElo "2976"]
[BlackElo "2791"]
[Result "1-0"]
[Round "06"]
[TimeControl "180+1"]
[Date "2021.09.28"]
[WhiteClock "0:00:49"]
[BlackClock "0:01:12"]

1. d4 d5 2. Bf4 Nf6 3. e3 g6 4. Nf3 Bg7 5. Be2 O-O 6. O-O c6 7. c4 dxc4 8. Bxc4 b5 9. Bb3 Nbd7 10. Nc3 Bb7 11. Qe2 a6 12. e4 c5 13. e5 Nh5 14. Be3 cxd4 15. Bxd4 Bxf3 16. gxf3 e6 17. Kh1 Qh4 18. Rad1 Bh6 19. Rg1 Bf4 20. Rg2 Rad8 21. Qe4 Ng7 22. Be3 g5 23. Bxf4 gxf4 24. Rdg1 1-0


[Site "https://www.chess.com"]

[Event "Titled Tuesday Blitz September 28 2021"]
[White "Tasev, Dejan"]
[Black "Wagner, Dennis"]
[WhiteFideId "936618"]
[BlackFideId "24650684"]
[WhiteElo "2253"]
[BlackElo "2355"]
[Result "0-1"]
[Round "06"]
[TimeControl "180+1"]
[Date "2021.09.28"]
[WhiteClock "0:00:02"]
[BlackClock "0:00:33"]

1. e4 c5 2. Nf3 d6 3. d4 cxd4 4. Nxd4 Nf6 5. Nc3 a6 6. Bg5 e6 7. f4 Nbd7 8. Qf3 Qc7 9. O-O-O b5 10. a3 Bb7 11. Bd3 Be7 12. Rhe1 h6 13. Bxf6 Bxf6 14. Bf1 Qb6 15. Nb3 Rc8 16. Qg3 Rxc3 17. bxc3 O-O 18. e5 Be7 19. exd6 Bxd6 20. Kb2 Bd5 21. Qh4 Qc7 22. f5 Nb6 23. Re3 Na4+ 24. Kb1 Nxc3+ 25. Rxc3 Qxc3 26. Rd3 Qc7 27. f6 Rc8 28. c3 Bxb3 29. Qg4 g6 30. Qh4 Bf8 31. Rg3 Qd6 32. Bd3 Rxc3 33. Bxg6 Qd1+ 34. Kb2 Qc1# 0-1


[Site "https://www.chess.com"]

[Event "Titled Tuesday Blitz September 28 2021"]
[White "Terry, Renato"]
[Black "Warmerdam, Max"]
[WhiteFideId "3803457"]
[BlackFideId "1048104"]
[WhiteElo "2577"]
[BlackElo "2537"]
[Result "1-0"]
[Round "06"]
[TimeControl "180+1"]
[Date "2021.09.28"]
[WhiteClock "0:00:51"]
[BlackClock "0:00:02"]

1. d4 d5 2. Bg5 f6 3. Bf4 c5 4. e3 Nc6 5. c4 cxd4 6. exd4 e5 7. dxe5 fxe5 8. cxd5 exf4 9. Qh5+ g6 10. Qe2+ Qe7 11. dxc6 bxc6 12. Nc3 Bg4 13. Qxe7+ Bxe7 14. Be2 Bf5 15. Nf3 Bf6 16. O-O-O Ne7 17. Bc4 Rd8 18. Rhe1 g5 19. Ne5 Rxd1+ 20. Kxd1 Bxe5 21. Rxe5 Kd7 22. Ra5 Ra8 23. Ne2 h6 24. h4 Nd5 25. hxg5 hxg5 26. Bxd5 cxd5 27. Rxd5+ Ke6 28. Ra5 Rd8+ 29. Ke1 Rd7 30. Nc3 g4 31. f3 g3 32. Ne2 Kf6 33. Nxf4 Rd6 34. Nh5+ Ke6 35. Nxg3 Bb1 36. Ne2 Kf6 37. g4 Bd3 38. Nf4 Bc4 39. g5+ Kg7 40. Rxa7+ Kg8 41. a4 Rd4 42. Nh5 Bf7 43. g6 Bxg6 44. Rg7+ Kf8 45. Rxg6 1-0


[Site "https://www.chess.com"]

[Event "Titled Tuesday Blitz September 28 2021"]
[White "Thejkumar, M. S."]
[Black "Hess, Robert"]
[WhiteFideId "5009154"]
[BlackFideId "2022036"]
[WhiteElo "2312"]
[BlackElo "2557"]
[Result "0-1"]
[Round "06"]
[TimeControl "180+1"]
[Date "2021.09.28"]
[WhiteClock "0:00:43"]
[BlackClock "0:00:05"]

1. d4 g6 2. Nf3 Bg7 3. e4 d6 4. c4 a6 5. Nc3 Nc6 6. d5 Ne5 7. Be2 Nxf3+ 8. Bxf3 Nf6 9. Be3 O-O 10. O-O e6 11. c5 exd5 12. exd5 Re8 13. Re1 Bf5 14. h3 h5 15. Rc1 dxc5 16. Bxc5 Rxe1+ 17. Qxe1 Nd7 18. Be7 Qe8 19. d6 cxd6 20. Bxb7 Rb8 21. Bc6 Rxb2 22. Qe3 Rb4 23. Nd5 Re4 24. Qg5 Be6 25. Bxd6 Rd4 26. Ne7+ Kh7 27. Ba3 Bf6 28. Qe3 Rh4 29. Bd5 Bxe7 30. Bxe6 Bxa3 31. Bxd7 Qxe3 32. fxe3 Bxc1 33. Be8 Rb4 34. Kf2 Rb2+ 35. Kf3 Kg7 36. Bc6 Rxa2 37. Bd5 Ra3 0-1


[Site "https://www.chess.com"]

[Event "Titled Tuesday Blitz September 28 2021"]
[White "Timmermans, Mark"]
[Black "Sjugirov, Sanan"]
[WhiteFideId "1026399"]
[BlackFideId "4189302"]
[WhiteElo "2460"]
[BlackElo "2654"]
[Result "1/2-1/2"]
[Round "06"]
[TimeControl "180+1"]
[Date "2021.09.28"]
[WhiteClock "0:01:03"]
[BlackClock "0:00:12"]

1. b4 d5 2. Bb2 Nf6 3. b5 g6 4. e3 Bg7 5. a4 O-O 6. Nf3 Bg4 7. Be2 Qd6 8. O-O Bxf3 9. Bxf3 Ng4 10. Bxg4 Bxb2 11. Ra2 Bg7 12. d4 a6 13. Rb2 axb5 14. axb5 Nd7 15. Bxd7 Qxd7 16. Nd2 e5 17. c3 Ra5 18. Qe2 Rfa8 19. h3 Ra2 20. Rfb1 Rxb2 21. Rxb2 Qd6 22. Qd1 Ra3 23. Qc2 h6 24. Rb3 Ra8 25. Nf3 e4 26. Nd2 c5 27. bxc6 bxc6 28. c4 c5 29. cxd5 cxd4 30. Qxe4 Ra1+ 31. Rb1 Rxb1+ 32. Nxb1 Qb4 33. exd4 Bxd4 34. Kh2 Qb8+ 35. f4 Qb4 36. Kg3 Kg7 37. d6 Qxd6 38. Nd2 Bf6 39. Nf3 Qc7 40. Kf2 Qb6+ 41. Qe3 Qc7 42. g4 Qc2+ 43. Qe2 Qc5+ 44. Qe3 Qc2+ 45. Qe2 Qc5+ 46. Qe3 Qc2+ 1/2-1/2


[Site "https://www.chess.com"]